Map: Echo LE (Void)

Players

GuMiho - Winner!

  • Race: Terran Terran
  • League: Grandmaster
  • Spawn Location: 11:00

Seed

  • Race: Protoss Protoss
  • League: Master
  • Spawn Location: 5:00

Event: Polygon Gaming Invitational 6

VOD

Have the link to the VOD?

Description

Time

  • Played on: Jan. 14, 2017, 9:58 a.m.
  • Length: 15:42

All games in this series

Show
View Real Time Build Order
Export as new Build Order

GuMiho Terran - Winner!

Build Orders: Cyclone Opening, Reaper Expand, MMM Bio 

Get SALT Encoding   

  12  0:00  SCV  
  13  0:13  SCV  
  14  0:18  Supply Depot  
  14  0:25  SCV  
  14  0:27  Refinery  
  15  0:39  SCV  
  16  0:44  Barracks  
  16  0:51  SCV  
  17  1:03  SCV  
  18  1:15  SCV  
  19  1:31  Orbital Command, Reaper  
  20  1:41  Command Center  
  20  1:51  Factory  
  20  1:56  SCV  
  21  2:02  Refinery  
  21  2:05  Barracks Reactor  
  21  2:08  SCV  
  21  2:13  Supply Depot  
  22  2:21  SCV  
  23  2:35  SCV  
  23  2:36  Cyclone  
  27  2:41  Marine x2  
  29  2:47  Supply Depot, SCV  
  30  2:59  SCV  
  30  3:00  Starport  
  31  3:08  Marine x2  
  31  3:11  Widow Mine  
  35  3:15  SCV  
  36  3:20  Orbital Command  
  36  3:26  Marine x2  
  38  3:27  SCV  
  39  3:37  Medivac  
  39  3:39  Widow Mine  
  43  3:42  SCV  
  44  3:48  SCV  
  44  3:50  Liberator  
  44  3:51  Marine x2, Supply Depot  
  47  3:55  SCV  
  47  4:00  SCV  
  48  4:07  SCV  
  48  4:08  Marine x2  
  54  4:10  Factory Tech Lab  
  54  4:13  SCV  
  55  4:18  Supply Depot  
  55  4:20  SCV  
  56  4:25  SCV  
  56  4:26  Marine x2  
  56  4:29  Siege Tank  
  62  4:37  Liberator  
  62  4:38  Supply Depot  
  62  4:39  SCV x2  
  62  4:41  Supply Depot  
  62  4:42  Engineering Bay  
  62  4:44  Marine x2  
  66  4:51  SCV  
  66  4:52  SCV  
  67  5:03  Marine x2  
  67  5:04  SCV x2  
  71  5:08  Siege Tank  
  74  5:14  Supply Depot  
  74  5:16  SCV x2  
  74  5:17  Barracks  
  76  5:21  Marine x2  
  76  5:22  Barracks  
  76  5:26  Refinery  
  76  5:27  Refinery  
  78  5:30  Terran Infantry Weapons Level 1, SCV x2  
  80  5:35  Supply Depot  
  80  5:39  Marine x2  
  79  5:45  Supply Depot  
  79  5:49  SCV x2  
  81  5:57  Marine x2  
  81  6:01  SCV x2, Siege Tank  
  81  6:02  Starport Reactor  
  88  6:08  Barracks Tech Lab  
  88  6:10  Barracks Tech Lab  
  88  6:11  Command Center  
  88  6:13  SCV x2  
  88  6:15  Marine x2  
  89  6:23  Supply Depot  
  89  6:26  Supply Depot  
  89  6:27  Stimpack  
  89  6:28  Combat Shields  
  89  6:31  SCV x2  
  89  6:32  Marine  
  93  6:34  Barracks  
  93  6:37  Barracks  
  95  6:40  Siege Tank  
  95  6:43  Medivac  
  97  6:50  Marine x2  
  97  6:52  SCV x2  
  97  6:54  Marine  
  86  7:05  Marine  
  86  7:08  Marine  
  81  7:09  SCV x2  
  81  7:10  Marauder  
  81  7:11  Medivac  
  87  7:18  Siege Tank  
  87  7:23  Marauder  
  89  7:32  Marauder  
  89  7:35  Barracks Tech Lab, Barracks Reactor  
  89  7:36  Marine x2  
  82  7:37  Medivac  
  82  7:38  SCV x2  
  82  7:39  Orbital Command  
  86  7:44  Terran Infantry Armor Level 1  
  86  7:45  Marauder  
  88  7:52  SCV  
  88  7:53  Marauder, Barracks, SCV  
  88  7:55  Barracks  
  88  7:56  Barracks  
  88  7:58  Missile Turret  
  92  8:01  Marauder, Concussive Shells  
  92  8:02  Orbital Command  
  92  8:04  Marine  
  95  8:06  Marauder  
  95  8:09  Factory Reactor  
  95  8:10  SCV  
  95  8:11  Medivac  
  100  8:17  SCV  
  101  8:24  Marauder x2  
  106  8:27  SCV  
  106  8:28  Refinery x2  
  106  8:29  SCV  
  106  8:30  Marine x2  
  106  8:33  Marine  
  106  8:34  Marine x2  
  110  8:38  Medivac  
  110  8:41  Medivac  
  115  8:47  Marauder x2  
  111  8:48  Barracks Tech Lab x2  
  111  8:49  Barracks Reactor  
  111  8:51  Marine x4  
  111  8:52  Widow Mine x2  
  111  8:53  SCV x2  
  121  8:59  Supply Depot  
  121  9:01  SCV  
  122  9:02  Supply Depot  
  122  9:04  Marauder, Supply Depot  
  122  9:05  SCV x2  
  122  9:08  Marauder  
  128  9:10  Marauder x2  
  128  9:11  Marauder  
  128  9:12  Marine x2  
  128  9:13  Marine  
  128  9:14  Marine  
  138  9:19  Missile Turret  
  138  9:23  Sensor Tower, Liberator  
  138  9:24  Armory  
  138  9:25  Liberator  
  138  9:27  Engineering Bay  
  138  9:31  Marauder  
  138  9:32  Marauder x2  
  138  9:33  Marauder x2  
  138  9:34  Marine x3  
  157  9:52  Marine x2  
  159  9:53  Marauder x3  
  159  9:55  Marine  
  165  10:06  Command Center  
  165  10:16  Marine x2, Supply Depot  
  165  10:17  Terran Infantry Weapons Level 2, Terran Infantry Armor Level 2  
  165  10:21  Terran Ship Weapons Level 1  
  165  10:27  Starport  
  165  10:39  Marauder x2  
  157  10:51  Marine  
  157  10:52  Marauder x2, Marine  
  157  10:54  Marauder, Marine x4  
  164  11:00  Marine x2  
  161  11:09  Marine x2  
  155  11:12  Marine x4, Medivac x2  
  155  11:13  Marauder x2  
  166  11:19  Marine  
  166  11:20  Marauder, Marine  
  170  11:27  Marine x2  
  170  11:28  Liberator  
  170  11:29  Marine  
  170  11:30  Planetary Fortress  
  170  11:31  Marine  
  170  11:32  Marine  
  175  11:33  Liberator x2  
  175  11:34  Marauder x2, Liberator  
  175  11:38  Marauder  
  181  11:40  Marauder  
  181  11:41  Marauder  
  197  11:56  Marauder  
  193  12:01  Marauder  
  193  12:02  Marauder  
  193  12:06  Refinery  
  193  12:07  Marauder, Marine  
  200  12:15  Terran Ship Weapons Level 2  
  200  12:21  Refinery  
  200  12:32  Command Center  
  200  12:33  Barracks  
  200  12:34  Terran Infantry Weapons Level 3  
  200  12:35  Terran Infantry Armor Level 3  
  200  12:36  Barracks  
  200  12:37  Barracks  
  200  12:58  Liberator x4  
  200  13:02  Marine  
  200  13:03  Marauder  
  200  13:05  Marauder, Marine x4  
  191  13:11  Marauder  
  168  13:14  Marauder, Marine x2  
  175  13:20  Marine  
  175  13:23  Marine x4  
  175  13:24  Marauder  
  162  13:27  Marauder  
  162  13:31  Marine  
  162  13:32  Marauder x2  
  150  13:35  Marine  
  150  13:38  Marine  
  150  13:40  Barracks Tech Lab x2  
  150  13:41  Marine x4, Barracks Tech Lab  
  141  13:48  Marauder x2  
  131  13:49  Marine  
  131  13:53  Marine x2  
  131  13:54  Marauder  
  133  14:08  Marauder x3, Marine x2  
  133  14:09  Marauder, Marine  
  144  14:10  Marine  
  145  14:18  Marauder  
  145  14:20  Marauder, Marine  
  150  14:37  Marine  
  150  14:38  Marauder, Marine  
  150  14:42  Marauder  
  150  14:44  Marine  
  150  14:45  Marine x2  
  154  14:46  Marine x2  
  154  14:49  Marauder, Marine  
  156  14:54  Marauder x2, Marine  
  156  14:55  Marine x2  
  156  14:59  Marauder  
  159  15:02  Marine x2  
  159  15:03  Marine  
  159  15:04  Marauder, Marine x2  
  159  15:09  Marauder  
  159  15:10  Marine  
  159  15:12  Marauder  
  159  15:13  Marine  
  159  15:14  Marine  
  142  15:15  Marine  
  142  15:16  Marauder  
  141  15:20  Marine  
Show
View Real Time Build Order
Export as new Build Order

Seed Protoss 

Build Orders:  

Get SALT Encoding   

  12  0:01  Probe (Chrono Boost)  
  13  0:11  Probe (Chrono Boost)  
  14  0:18  Pylon  
  14  0:22  Probe (Chrono Boost)  
  15  0:36  Probe (Chrono Boost), Gateway  
  15  0:41  Assimilator  
  16  0:47  Probe (Chrono Boost)  
  17  0:53  Pylon  
  17  0:57  Probe (Chrono Boost)  
  18  1:08  Probe (Chrono Boost)  
  20  1:19  Probe (Chrono Boost), Zealot  
  20  1:24  Cybernetics Core  
  22  1:32  Probe (Chrono Boost)  
  23  1:47  Nexus  
  23  1:50  Probe (Chrono Boost)  
  24  1:55  Assimilator  
  24  2:02  Mothership Core (Chrono Boost)  
  26  2:09  Pylon  
  26  2:14  Warp Gate  
  26  2:18  Adept  
  26  2:22  Probe (Chrono Boost)  
  29  2:33  Probe (Chrono Boost)  
  30  2:40  Robotics Facility  
  30  2:45  Probe (Chrono Boost)  
  30  2:49  Adept  
  33  2:55  Probe (Chrono Boost)  
  34  2:59  Probe (Chrono Boost)  
  35  3:06  Probe (Chrono Boost)  
  35  3:10  Probe (Chrono Boost)  
  35  3:15  Twilight Council  
  35  3:18  Adept  
  37  3:22  Pylon  
  37  3:28  Probe x2 (Chrono Boost)  
  39  3:39  Resonating Glaives  
  39  3:40  Probe (Chrono Boost)  
  39  3:41  Probe (Chrono Boost), Observer  
  43  3:47  Gateway  
  40  3:51  Gateway  
  40  4:02  Observer  
  41  4:04  Probe x2 (Chrono Boost)  
  41  4:06  Assimilator  
  41  4:07  Assimilator  
  43  4:14  Forge  
  43  4:16  Probe x2 (Chrono Boost)  
  45  4:19  Adept  
  45  4:23  Observer  
  47  4:24  Pylon  
  47  4:28  Probe (Chrono Boost)  
  47  4:29  Probe (Chrono Boost)  
  50  4:35  Protoss Ground Weapons Level 1  
  50  4:40  Probe (Chrono Boost)  
  50  4:42  Probe (Chrono Boost)  
  50  4:45  Adept x3  
  60  4:53  Probe (Chrono Boost)  
  60  4:54  Probe (Chrono Boost)  
  60  4:59  Pylon  
  60  5:07  Stalker x3  
  62  5:11  Probe (Chrono Boost)  
  62  5:12  Probe (Chrono Boost)  
  62  5:13  Blink  
  68  5:23  Robotics Bay  
  64  5:41  Probe x2 (Chrono Boost)  
  66  5:45  Sentry x2  
  66  5:46  Adept  
  72  5:53  Probe x2 (Chrono Boost)  
  73  6:04  Gateway  
  73  6:05  Gateway  
  73  6:09  Probe (Chrono Boost), Gateway  
  74  6:15  Protoss Ground Armor Level 1  
  74  6:16  Stalker  
  74  6:17  Adept, Stalker  
  76  6:26  Pylon  
  76  6:27  Pylon  
  76  6:31  Disruptor  
  77  6:44  Pylon  
  77  6:46  Nexus  
  77  6:49  Adept x2  
  71  7:07  Stalker x2  
  75  7:10  Stalker  
  75  7:14  Probe x2 (Chrono Boost)  
  79  7:26  Probe x2 (Chrono Boost)  
  77  7:37  Stalker x3  
  77  7:38  Probe x2 (Chrono Boost)  
  77  7:42  Disruptor  
  83  7:50  Probe x2 (Chrono Boost)  
  88  7:58  Stalker, Sentry  
  88  8:02  Probe x2 (Chrono Boost)  
  88  8:03  Protoss Ground Weapons Level 2  
  94  8:05  Pylon  
  94  8:07  Probe (Chrono Boost)  
  94  8:08  Pylon  
  94  8:10  Sentry x2  
  99  8:14  Probe (Chrono Boost)  
  99  8:15  Probe (Chrono Boost)  
  99  8:17  Probe (Chrono Boost)  
  102  8:27  Adept x3  
  102  8:31  Probe (Chrono Boost)  
  102  8:32  Probe (Chrono Boost)  
  102  8:33  Probe (Chrono Boost)  
  111  8:40  Colossus  
  113  8:51  Probe x2 (Chrono Boost)  
  113  8:52  Assimilator  
  113  8:53  Assimilator  
  114  9:01  Gateway  
  114  9:03  Gateway  
  114  9:05  Forge  
  114  9:06  Charge  
  114  9:13  Pylon  
  114  9:15  Pylon  
  114  9:18  Photon Cannon, Zealot x2  
  114  9:20  Pylon  
  118  9:28  Colossus  
  118  9:30  Pylon  
  124  9:52  Pylon  
  124  9:53  Stalker x2  
  124  9:54  Zealot, Stalker  
  124  9:55  Zealot  
  134  10:08  Adept x3  
  134  10:14  Protoss Ground Weapons Level 3  
  140  10:18  Immortal  
  140  10:20  Zealot x4  
  152  10:30  Pylon  
  152  10:40  Adept x2  
  152  10:41  Adept x2  
  136  11:12  Probe x2 (Chrono Boost)  
  136  11:13  Probe (Chrono Boost)  
  136  11:14  Pylon  
  139  11:18  Templar Archives, Pylon  
  139  11:20  Zealot  
  139  11:22  Probe (Chrono Boost)  
  139  11:23  Pylon  
  139  11:24  Pylon  
  141  11:28  Pylon  
  141  11:30  Pylon  
  139  11:36  Immortal  
  139  11:37  Mothership Core (Chrono Boost)  
  139  11:38  Photon Cannon  
  145  11:52  Photon Cannon  
  147  11:55  Probe (Chrono Boost)  
  147  11:56  Probe (Chrono Boost)  
  145  12:01  High Templar x3  
  145  12:02  High Templar x5  
  145  12:05  Archon x3  
  145  12:06  Archon  
  161  12:18  Pylon  
  161  12:25  Pylon  
  161  12:26  Pylon  
  161  12:30  Immortal  
  161  12:34  Protoss Ground Armor Level 2, Stalker x4  
  173  12:37  Pylon  
  173  12:41  Zealot x3, Pylon  
  179  12:53  Stalker  
  179  12:56  Stalker  
  179  12:57  Stalker  
  179  12:58  Zealot x2  
  137  13:14  Zealot  
  137  13:15  Zealot x2  
  137  13:16  Zealot  
  97  13:27  Zealot x4  
  87  13:35  Immortal, Zealot  
  87  13:36  Zealot x3  
  89  13:43  Psionic Storm  
  87  13:55  High Templar x4  
  94  13:56  High Templar x2  
  94  13:57  High Templar x2  
  94  14:00  Archon  
  94  14:01  Archon  
  102  14:11  Observer  
  103  14:27  Pylon  
  103  14:28  Zealot x5  
  111  14:32  Zealot x3  
  109  14:49  Stalker, Sentry  
  109  14:50  Stalker x2  
  109  14:51  Zealot  
  97  14:57  Zealot x3  
  77  15:12  Archon  
  65  15:15  Zealot x2  
Tags
 
Add a new tag
Caveats
  • Supply blocks, unpowered buildings, or Contaminate may cause inaccurate times.
  • Supply counts are checked every 10 seconds.